 Dungeon Crawl Stone Soup version 0.24-a0-524-gf43b32f898 (webtiles) character file.

Game seed: 17014978515858161195

94 DavidChitty2 the Conjurer (level 4, -3/36 HPs)
             Began as a Draconian Conjurer on July 31, 2019.
             Killed from afar by an orc wizard (7 damage)
             ... with a magic dart
             ... on level 3 of the Dungeon.
             The game lasted 00:07:46 (2895 turns).

DavidChitty2 the Conjurer (Draconian Conjurer)      Turns: 2895, Time: 00:07:46

Health: -3/36      AC:  6    Str: 10    XL:     4   Next: 38%
Magic:  1/8        EV: 12    Int: 17    God:
Gold:   95         SH:  0    Dex: 11    Spells: 1/8 levels left

rFire    . . .     SeeInvis .   a - +0 dagger
rCold    . . .     Gourm    .   (no shield)
rNeg     . . .     Faith    .   (armour unavailable)
rPois    .         Spirit   .   (helmet restricted)
rElec    .         Reflect  .   (no cloak)
rCorr    .         Harm     .   (no gloves)
MR       .....                  c - +0 pair of boots
Stlth    +.........             (no amulet)
HPRegen  0.12/turn              (no ring)
MPRegen  0.11/turn              (no ring)

@: confused
A: unfitting armour, cold-blooded, AC +5
a: no special abilities


You were on level 3 of the Dungeon.
You were not hungry.

You visited 1 branch of the dungeon, and saw 3 of its levels.

You collected 95 gold pieces.

Inventory:

Hand Weapons
 a - a +0 dagger (weapon)
   (You took it off a goblin on level 1 of the Dungeon)
Missiles
 d - 33 stones (quivered)
Armour
 c - a +0 pair of boots (worn)
   (You found it on level 1 of the Dungeon)
 n - a cursed +0 buckler
   (You found it on level 2 of the Dungeon)
Scrolls
 f - a scroll of enchant armour {unknown}
 i - a scroll of random uselessness {unknown}
 j - 2 scrolls of identify {unknown}
 m - a scroll of teleportation {unknown}
 o - a scroll of blinking {unknown}
 p - a scroll of noise {unknown}
Potions
 b - a potion of brilliance {unknown}
 g - 2 potions of curing {unknown}
 h - a potion of might {unknown}
 k - a potion of berserk rage {unknown}
 l - a potion of flight {unknown}
 q - a potion of degeneration {unknown}
Comestibles
 e - 2 rations {!d}
 r - 4 chunks of flesh


   Skills:
 + Level 2.0 Fighting
 - Level 1.7 Dodging
 - Level 1.7 Stealth
 + Level 2.6 Spellcasting
 * Level 5.1 Conjurations


You had one spell level left.
You knew the following spells:

 Your Spells              Type           Power        Failure   Level  Hunger
a - Magic Dart            Conj           ###.         2%          1    #......
s - Searing Ray           Conj           ###...       3%          2    ##.....
x - Iskenderun's Mystic   Conj           ###.....     22%         4    #####..

Your spell library contained the following spells:

 Spells                   Type           Power        Failure   Level  Hunger
 Dazzling Spray           Conj/Hex       ##....       19%         3    ###....
 Force Lance              Conj/Tloc      ##......     54%         4    #####..
 Fulminant Prism          Conj/Hex       ##........   54%         4    #####..


Dungeon Overview and Level Annotations

Branches:
Dungeon (3/15)

Altars:

Annotations:
D:2 1 runed translucent door, Crazy Yiuf


Innate Abilities, Weirdness & Mutations

Your plain brown scales are hard. (AC +5)
You cannot fit into any form of body armour.
You are cold-blooded and may be slowed by cold attacks.


Message History

Something hits you.
* * * LOW HITPOINT WARNING * * *
You barely miss something.
You hear some strange, mumbled words.
Something tries to affect you, but you resist.
The magic dart hits something.
Something hits you but does no damage.
You barely miss something. You tail-slap something.
Something hits you but does no damage.
You barely miss something. Something hits you but does no damage.
You hit something but do no damage. You tail-slap something.
You hear some strange, mumbled words.
A magic dart appears from out of thin air!
The magic dart hits you.
* * * LOW HITPOINT WARNING * * *
You completely miss something. You tail-slap something.
You hear some strange, mumbled words.
You are confused.
You barely miss something. Something hits you but does no damage.
You barely miss something. Something hits you but does no damage.
You bump into the rock wall.
An orc wizard appears from thin air!
Reactivating autopickup.
The orc wizard casts a spell at you.
You are more confused.
You barely miss the orc wizard.
The orc wizard hits you with a +2 dagger of protection.
* * * LOW HITPOINT WARNING * * *
You barely miss the orc wizard.
The orc wizard hits you with a +2 dagger of protection.
* * * LOW HITPOINT WARNING * * *
The orc wizard casts a spell.
The orc wizard flickers and vanishes!
Deactivating autopickup; reactivate with Ctrl-A.
You bump into the rock wall.
You hear some strange, mumbled words.
Something tries to affect you, but you resist.
Something hits you but does no damage.
Unknown command.
You miss something.
Your tail-slap misses something.
Something hits you.
* * * LOW HITPOINT WARNING * * *
You completely miss something. Something hits you but does no damage.
You hear some strange, mumbled words.
A magic dart appears from out of thin air!
The magic dart hits you!
You die...

#....# ..#
#....####.....
#.....o.>.....
#....###......
#...## .....
##+####....#
....
#..........####
...
#..........{<.#
#.
#..........@..#
#.............#
##............#
.>............#
.########.....#
#......
#.....##
#####.#


There were no monsters in sight!

Vanquished Creatures
  Jessica (D:2)
  An adder (D:2)
  A worm (D:2)
  2 dart slugs
  3 leopard geckos (D:1)
  3 orcs
  A ball python (D:2)
  4 bats (D:1)
  2 giant cockroaches (D:1)
  7 goblins
  4 hobgoblins
  6 frilled lizards
  7 kobolds
  3 rats (D:1)
45 creatures vanquished.

Notes
Turn   | Place    | Note
-------+----------+-------------------------------------------
     0 | D:1      | DavidChitty2 the Draconian Conjurer began the quest for the
                  | Orb.
     0 | D:1      | Reached XP level 1. HP: 14/14 MP: 3/3
   346 | D:1      | Reached XP level 2. HP: 22/22 MP: 1/5
   393 | D:1      | Learned a level 2 spell: Searing Ray
   629 | D:1      | Reached skill level 1 in Fighting
  1037 | D:1      | Reached XP level 3. HP: 28/28 MP: 3/6
  1395 | D:2      | Found a runed translucent door.
  1396 | D:2      | Noticed Crazy Yiuf
  2361 | D:2      | Noticed Jessica
  2363 | D:2      | Killed Jessica
  2363 | D:2      | Reached skill level 5 in Conjurations
  2363 | D:2      | Reached XP level 4. HP: 36/36 MP: 3/7
  2386 | D:2      | Learned a level 4 spell: Iskenderun's Mystic Blast
  2895 | D:3      | Killed from afar by an orc wizard

Levels and vault maps discovered:
D:1:      dpeg_arrival_radiant, layout_rooms
D:2:      layout_basic, chequers_serial_rivers_micro_b, uniq_jessica,
          uniq_crazy_yiuf_cottage
D:3:      layout_rooms, chequers_ecumenical_altar_simple_redux, first_ration,
          kennysheep_generic_room_8

Skill      XL: |  1  2  3  4 |
---------------+-------------+-----
Fighting       | 1 2 |  2.0
Conjurations   | 5 |  5.1
Dodging        | |  1.7
Stealth        | |  1.7
Spellcasting   | |  2.6

Action                   |  1- 3 |  4- 6 || total
-------------------------+-------+-------++-------
Melee: Dagger            |     4 |    20 ||    24
       Tailslap          |     1 |     4 ||     5
 Cast: Magic Dart        |    93 |    23 ||   116
       Searing Ray       |       |     1 ||     1
  Eat: Chunk             |     6 |     1 ||     7
Armor: Skin              |     7 |    10 ||    17
Dodge: Dodged            |    16 |     6 ||    22

Table legend:
 A = Non-vault XP
 B = Vault XP
 C = Vault XP percentage of total XP
 D = Non-vault monster count
 E = Vault monster count
 F = Vault count percentage of total count
                 A         B        C        D         E       F
            +---------+---------+-------+---------+---------+-------
      Total |      98 |      37 |  27.4 |      44 |       1 |   2.2
            +---------+---------+-------+---------+---------+-------
        D:1 |      51 |       0 |   0.0 |      29 |       0 |   0.0
        D:2 |      41 |      37 |  47.4 |      13 |       1 |   7.1
        D:3 |       6 |       0 |   0.0 |       2 |       0 |   0.0
            +---------+---------+-------+---------+---------+-------
